AoeStats
← Corsican Pirate

Arena

509491119Analyzed
4v4 RM · 7d ago on Sep 27, 2026· 22m 40s· 8 players
Game mode
Random Map
Map size
Large (8 player)
Population
200
Speed
Normal
Resources
Standard
Victory
Conquest
Starting age
Dark Age
Ending age
Imperial Age
RankedLock teamsTeams togetherTeam positionsShared explorationLock speedFull tech treeHidden civsTurbo modeCheats
Victory
Defeat
🇲🇽 Franks · Mexico
1342
+14
🇲🇽 Bengalis · Mexico
1334
+14
🇺🇸 Ethiopians · United States
1328
+14
🇲🇽 Lithuanians · Mexico
1321
+15
🇧🇷 Vikings · Brazil
1306
-15
🇮🇪 Saxons · Ireland
1303
-14
🇺🇸 Franks · United States
1303
-15
🇮🇳 Portuguese · India
1266
-13
Bensun
10:34 Feudal Age
14:09 Castle Age
11:59 Double-Bit Axe
15:31 Bow Saw
18:17 Wheelbarrow
21:17 Gold Mining
Aashman
9:44 Loom
11:35 Feudal Age
12:31 Double-Bit Axe
12:26 Horse Collar
17:17 Castle Age
15:53 Stone Mining
16:01 Gold Mining
16:07 Stone Mining
18:10 Wheelbarrow
18:45 Bow Saw
20:14 Fletching
Lexi ní Anord
11:47 Feudal Age
12:37 Double-Bit Axe
12:53 Horse Collar
15:50 Castle Age
16:59 Bow Saw
16:58 Heavy Plow
20:28 Scale Mail Armor
21:35 Loom
MattVini
10:09 Feudal Age
14:22 Castle Age
12:30 Horse Collar
12:47 Double-Bit Axe
15:36 Bow Saw
15:34 Heavy Plow
19:01 Loom
21:07 Gold Mining
21:34 Stone Mining
Non faux pa
10:51 Feudal Age
14:31 Castle Age
12:33 Stone Mining
13:16 Double-Bit Axe
18:31 Loom
19:19 Scale Mail Armor
20:01 Forging
Glamdring
4:15 Loom
11:45 Feudal Age
12:49 Double-Bit Axe
13:01 Horse Collar
15:41 Castle Age
16:08 Scale Barding Armor
20:07 Forging
Gúthwinë
11:04 Feudal Age
9:21 Loom
11:53 Double-Bit Axe
14:41 Castle Age
16:03 Bow Saw
16:14 Redemption
18:44 Fervor
20:14 Sanctity
Corsican Pirate
11:11 Feudal Age
9:27 Loom
14:59 Castle Age
13:34 Double-Bit Axe
13:46 Gold Mining
20:50 Scale Barding Armor
22:23 Chain Barding Armor
22:29 Bow Saw
Connection lost

Rejoining the realm…

Still unreachable

The connection could not be restored.

Session expired

The server has moved on; the page needs a fresh start.